 Dungeon Crawl Stone Soup version 0.24-a0-203-gf0bc1e9 (webtiles) character file.

Game seed: 12183195732376853136

192 Borgoz the Cutter (level 6, -6/37 HPs)
             Began as a Kobold Gladiator on Mar 26, 2019.
             Mangled by a killer bee (8 damage)
             ... on level 3 of the Dungeon.
             The game lasted 00:02:27 (1974 turns).

Borgoz the Cutter (Kobold Gladiator)                Turns: 1974, Time: 00:02:28

Health: -6/37      AC:  4    Str:  9 (12) XL:     6   Next: 2%
Magic:  6/6        EV: 16    Int:  7 (9)  God:
Gold:   100        SH:  0    Dex: 17 (18) Spells: 5/5 levels left

rFire    . . .     SeeInvis .   a - +0 rapier
rCold    . . .     Gourm    .   (shield restricted)
rNeg     . . .     Faith    .   b - +0 leather armour
rPois    .         Spirit   .   c - +0 helmet
rElec    .         Reflect  .   (no cloak)
rCorr    .         Harm     .   (no gloves)
MR       .....                  (no boots)
Stlth    ++........             (no amulet)
HPRegen  0.12/turn              (no ring)
MPRegen  0.10/turn              (no ring)

@: lethally poisoned (-6 -> -11)
A: small, carnivore
a: no special abilities


You were on level 3 of the Dungeon.
You were very full.

You visited 1 branch of the dungeon, and saw 3 of its levels.

You collected 100 gold pieces.

Inventory:

Hand Weapons
 a - a +0 rapier (weapon)
Missiles
 d - 2 throwing nets (quivered)
Armour
 b - a +0 leather armour (worn)
 c - a +0 helmet (worn)
Scrolls
 e - 2 scrolls of identify
 h - 3 scrolls of remove curse
 i - a scroll of blinking {unknown}
 j - 2 scrolls of teleportation {unknown}
 k - a scroll of amnesia {unknown}
Comestibles
 f - 3 rations


   Skills:
 + Level 3.0 Fighting
 + Level 4.8 Short Blades
 + Level 3.0 Throwing
 * Level 2.2 Armour
 + Level 4.3 Dodging
 + Level 2.6 Stealth


You had 5 spell levels left.
You didn't know any spells.
Your spell library was empty.

Dungeon Overview and Level Annotations

Branches:
Dungeon (3/15)

Altars:
Elyvilon
Uskayaw


Innate Abilities, Weirdness & Mutations

You are small and have problems with some larger weapons.
You are carnivorous and can eat meat at any time.


Message History

You closely miss the killer bee.
The killer bee is heavily wounded.
* * * LOW HITPOINT WARNING * * *
You feel sick. The killer bee barely misses you. x2
Your leather armour prevents you from hitting the killer bee.
The killer bee is heavily wounded.
* * * LOW HITPOINT WARNING * * *
You feel sick. The killer bee closely misses you.
You hit the killer bee but do no damage.
The killer bee completely misses you.
You puncture the killer bee!
The killer bee is heavily wounded.
* * * LOW HITPOINT WARNING * * *
You feel sick. The killer bee barely misses you.
The killer bee completely misses you.
You hit the killer bee.
The killer bee is severely wounded.
* * * LOW HITPOINT WARNING * * *
You feel sick. The killer bee completely misses you. The killer bee stings you!
You die...

#### ###.# #..#.......
...########...# ...###.....#
.#.†......#.###### ..##
##...## ..#######.#.# #.. .
##### #.# #...###.# #..#
#####..##.# ##..##..........#
##.#..#####..###############
............yyy@...........###
##..###.####y############...#
#####.....# #.# ###.#
.........## .. #.# ###..#.##
### ##.# .........# #..#
.........######... ##.##
................# #..#
#######....###### #.##


You could see 4 killer bees.

Vanquished Creatures
  A killer bee (D:3)
  An orc priest (D:3)
  An orc wizard (D:3)
  Natasha (D:2)
  3 adders
  2 dart slugs
  A leopard gecko (D:2)
  2 orcs (D:3)
  A giant cockroach (D:2)
  3 goblins (D:1)
  3 hobgoblins
  3 jackals (D:1)
  5 kobolds
  3 bats
  2 frilled lizards
  5 rats
37 creatures vanquished.

Notes
Turn   | Place    | Note
-------+----------+-------------------------------------------
     0 | D:1      | Borgoz the Kobold Gladiator began the quest for the Orb.
     0 | D:1      | Reached XP level 1. HP: 12/12 MP: 1/1
    54 | D:1      | Reached XP level 2. HP: 15/17 MP: 2/2
    58 | D:1      | Reached skill level 1 in Stealth
   220 | D:1      | Reached skill level 1 in Armour
   883 | D:2      | Reached XP level 3. HP: 18/22 MP: 3/3
  1077 | D:2      | Noticed Natasha
  1086 | D:2      | Killed Natasha
  1086 | D:2      | Reached XP level 4. HP: 27/27 MP: 4/4
  1192 | D:2      | Found a white marble altar of Elyvilon.
  1446 | D:3      | Reached XP level 5. HP: 25/31 MP: 5/5
  1726 | D:3      | Found a hide-covered altar of Uskayaw.
  1734 | D:3      | Reached XP level 6. HP: 24/37 MP: 6/6
  1974 | D:3      | Mangled by a killer bee

Levels and vault maps discovered:
D:1:      psy_arrival_dodecagon, layout_basic, grunt_decor_one_mirror,
          minmay_misc_feat_rows
D:2:      cheibrodos_pilgrimage, layout_basic, nicolae_overflow_crystal_walls,
          uniq_natasha, uniq_robin
D:3:      layout_rooms, old_standard_altar

Skill      XL: |  1  2  3  4  5 |
---------------+----------------+-----
Stealth        | 1 2 |  2.6
Armour         | 1 2 |  2.2
Dodging        | 4 |  4.3
Fighting       | 3 |  3.0
Throwing       | 3 |  3.0
Short Blades   | |  4.8

Action                   |  1- 3 |  4- 6 || total
-------------------------+-------+-------++-------
Melee: Rapier            |    59 |    75 ||   134
Throw: Throwing net      |     1 |       ||     1
  Use: Scroll            |       |     1 ||     1
       Potion            |       |     1 ||     1
 Stab: Held in net/web   |     2 |       ||     2
       Sleeping          |     1 |     3 ||     4
  Eat: Chunk             |     9 |     2 ||    11
Armor: Leather armour    |    20 |     7 ||    27
Dodge: Dodged            |    49 |    71 ||   120

Table legend:
 A = Non-vault XP
 B = Vault XP
 C = Vault XP percentage of total XP
 D = Non-vault monster count
 E = Vault monster count
 F = Vault count percentage of total count
                 A         B        C        D         E       F
            +---------+---------+-------+---------+---------+-------
      Total |     240 |      35 |  12.7 |      36 |       1 |   2.7
            +---------+---------+-------+---------+---------+-------
        D:1 |      28 |       0 |   0.0 |      15 |       0 |   0.0
        D:2 |      41 |      35 |  46.1 |      11 |       1 |   8.3
        D:3 |     171 |       0 |   0.0 |      10 |       0 |   0.0
            +---------+---------+-------+---------+---------+-------
